 Dungeon Crawl Stone Soup version 0.31-a0-1074-g0b22e4e0f1 (webtiles) character file.

Game seed: 9994700002433785799

17 backslashecho the Trooper (level 2, -3/24 HPs)
             Began as a Mummy Fighter on Dec 7, 2023.
             Slain by a cerulean imp
             ... wielding a +2 spear
             ... summoned by Natasha
              (7 damage)
             ... on level 2 of the Dungeon.
             The game lasted 00:01:17 (251 turns).

backslashecho the Trooper (Mummy Fighter)            Turns: 251, Time: 00:01:17

Health: -3/24      AC:  6    Str: 19    XL:     2   Next: 44%
Magic:  2/2        EV:  9    Int:  7    God:
Gold:   7          SH:  4    Dex: 11    Spells: 1/1 levels left

rFire   x . .        a - +0 war axe
rCold   + . .        c - +0 buckler
rNeg    + + +        b - +0 scale mail
rPois   ∞            (no helmet)
rElec   .            (no cloak)
rCorr   .            (no gloves)
SInv    .            (no boots)
Will    .....        (no amulet) Stlth
                     (no ring)
HPRegen 0.24/turn    (no ring)
MPRegen 0.08/turn

%: faith
@: no status effects
A: cold resistance 1, negative energy resistance 3, torment resistance 2, heat
vulnerability 1, in touch with death 1, no potions, faith
a: no special abilities


You were on level 2 of the Dungeon.
You visited 1 branch of the dungeon, and saw 2 of its levels.

You collected 7 gold pieces.

Inventory:

Hand Weapons
 a - a +0 war axe (weapon)
 d - a +1 heavy hand axe
Armour
 b - a +0 scale mail (worn)
 c - a +0 buckler (worn)


   Skills:
 + Level 3.2 Fighting
 * Level 2.1 Axes
 - Level 2.4 Armour
 + Level 2.6 Shields


You had one spell level left.
You didn't know any spells.
Your spell library was empty.

Dungeon Overview and Level Annotations

Branches:
Dungeon (1/15)

Altars:

Annotations:
D:2 Natasha


Innate Abilities, Weirdness & Mutations

You are immune to poison.
Your flesh is cold resistant. (rC+)
You are immune to negative energy. (rN+++)
You are immune to unholy pain and torment.
You are vulnerable to heat. (rF-)
You are in touch with the powers of death.
You do not drink.
You have a special connection with the divine. (Faith)


Message History

The quokka is severely wounded.
The quokka closely misses you. The quokka barely misses you.
You miss the quokka.
The quokka is severely wounded.
The quokka bites you but does no damage.
The quokka bites you.
You take 1 damage, and have 23/24 hp.
You barely miss the quokka.
The quokka is severely wounded.
The quokka closely misses you. The quokka bites you.
You take 2 damage, and have 21/24 hp.
You hit the quokka.
You kill the quokka!
No target in view!
You see here a quokka corpse.
No target in view!
HP restored.
Found a stone staircase leading down.
Health restored: 24 Natasha, Servant of Life and Death comes into view.
Natasha hisses angrily.
You can't drink.
You aren't carrying any scrolls.
Unknown command.
You start waiting.
Natasha is nearby!
You block Natasha's attack.
You miss Natasha.
Natasha mumbles some strange words.
Natasha claws you.
You take 4 damage, and have 20/24 hp.
You closely miss Natasha.
The cerulean imp hits you from afar with a +2 spear.
Natasha stares at you and mumbles some strange words.
The magic dart hits you.
You take 8 damage, and have 12/24 hp.
MASSIVE DAMAGE!!
You hit Natasha.
Natasha is moderately wounded.
Natasha claws you.
The cerulean imp hits you from afar with a +2 spear.
* * * LOW HITPOINT WARNING * * *
You take 6 damage, and have 6/24 hp.
MASSIVE DAMAGE!!
You are too injured to fight recklessly!
Natasha barely misses you.
The cerulean imp hits you from afar with a +2 spear.
* * * LOW HITPOINT WARNING * * *
You take 3 damage, and have 3/24 hp.
Natasha attacks as she pursues you! You block Natasha's attack.
The cerulean imp hits you from afar with a +2 spear!
You die...

##### ..###.>.# .
........#
#...###..5########
#.........h@.....#
..####.#########.#
#. #.# #. #.# #.
#.# #. #.# #. #.#
.. #.# #.#


You could see Natasha and a cerulean imp (summoned).

Vanquished Creatures
  A dart slug (D:1)
  A hobgoblin (D:1)
  4 jackals (D:1)
  2 kobolds (D:1)
  A quokka (D:2)
  2 ball pythons (D:1)
  A frilled lizard (D:1)
  3 rats (D:1)
15 creatures vanquished.

Notes
Turn   | Place    | Note
-------+----------+-------------------------------------------
     0 | D:1      | backslashecho the Mummy Fighter began the quest for the
                  | Orb.
     0 | D:1      | Reached XP level 1. HP: 18/18 MP: 1/1
   107 | D:1      | Reached XP level 2. HP: 20/24 MP: 2/2
   166 | D:1      | You fall into a shaft and drop 1 floor!
   239 | D:2      | Noticed Natasha
   251 | D:2      | Slain by a cerulean imp

Illustrated notes

Levels and vault maps discovered:
D:1:      roderic_crop_circles_arrival_small, layout_loops_ring,
          shapermc_ecumenical_altar_totnotflames, minmay_distorted
D:2:      layout_loops_ring, grunt_ministairs_13, uniq_jessica, uniq_natasha

Skill      XL: |  1 |
---------------+----+-----
Axes           | 2 |  2.1
Fighting       | |  3.2
Armour         | |  2.4
Shields        | |  2.6

Action                     || total
---------------------------++-------
  Melee: War axe           ||    41
 Armour: Scale mail        ||    28
  Dodge: Dodged            ||    30
  Block: Buckler           ||     8

Table legend: (Time is in decaauts)
 A = Elapsed time spent in this place.
 B = Non-inter-level travel time spent in this place.
 C = Inter-level travel time spent in this place.
 D = Time resting spent in this place.
 E = Time spent auto-exploring this place.
 F = Levels seen in this place.
 G = Mean time per level.
                   A        B        C        D        E       F      G
               +--------+--------+--------+--------+--------+-----+--------+
         Total |    269 |    269 |      0 |     23 |    142 |   2 |  134.5 |
       Dungeon |    269 |    269 |      0 |     23 |    142 |   2 |  134.5 |
               +--------+--------+--------+--------+--------+-----+--------+

Top non-repeatable levels by time:
     D:1: 180 daAuts
     D:2: 88 daAuts
